 Dungeon Crawl Stone Soup version 0.30.1-11-g7821555f0a (webtiles) character file.

Game seed: 13887972837977241524

23 SacredBeard the Vexing (level 2, 0/16 HPs)
             Began as a Deep Elf Hexslinger on Oct 30, 2023.
             Slain by a hobgoblin (3 damage)
             ... on level 1 of the Dungeon.
             The game lasted 00:01:15 (560 turns).

SacredBeard the Vexing (Deep Elf Hexslinger)         Turns: 560, Time: 00:01:16

Health: 0/16       AC:  2    Str:  7    XL:     2   Next: 72%
Magic:  7/7        EV: 12    Int: 17    God:
Gold:   16         SH:  0    Dex: 15    Spells: 4/5 levels left

rFire   . . .        a - +1 sling
rCold   . . .        (no shield)
rNeg    . . .        c - +0 robe
rPois   .            (no helmet)
rElec   .            (no cloak)
rCorr   .            (no gloves)
SInv    .            (no boots)
Will    .....        (no amulet)
Stlth   +            (no ring)
HPRegen 0.22/turn    (no ring)
MPRegen 0.10/turn

%: no passive effects
@: no status effects
A: no striking features
a: no special abilities


You were on level 1 of the Dungeon.
You visited 1 branch of the dungeon, and saw 1 of its levels.

You collected 16 gold pieces.

Inventory:

Hand Weapons
 a - a +1 sling (weapon)
Armour
 c - a +0 robe (worn)
Scrolls
 b - a scroll of poison
 d - a scroll of magic mapping {unknown}
 f - a scroll of immolation {unknown}
 h - a scroll of brand weapon {unknown}
 i - a scroll of enchant armour {unknown}
Potions
 e - 3 potions of curing {unknown}
 g - 2 potions of magic {unknown}


   Skills:
 - Level 1.0 Fighting
 * Level 3.3 Ranged Weapons
 + Level 0.5 Armour
 + Level 2.6 Dodging
 + Level 2.0 Spellcasting
 + Level 4.2 Hexes


You had 4 spell levels left.
You knew the following spells:

 Your Spells              Type           Power      Damage    Failure   Level
a - Slow                  Hex            64%        N/A       3%          1

Your spell library contained the following spells:

 Spells                   Type           Power      Damage    Failure   Level
 Inner Flame              Hex/Fire       8%         N/A       24%         3
 Portal Projectile        Hex/Tloc       16%        N/A       24%         3
 Cause Fear               Hex            8%         N/A       32%         4


Dungeon Overview and Level Annotations

Branches:
Dungeon (1/15) Zot: 5425

Altars:

Shops:
D:1 [


Message History

A hobgoblin comes into view.
The hobgoblin shouts!
You shoot a sling bullet.
The sling bullet hits the hobgoblin but does no damage.
You shoot a sling bullet.
The sling bullet closely misses the hobgoblin.
The hobgoblin closely misses you.
You shoot a sling bullet.
The sling bullet closely misses the hobgoblin.
The hobgoblin hits you.
You shoot a sling bullet.
The sling bullet barely misses the hobgoblin.
The hobgoblin misses you.
You shoot a sling bullet. The sling bullet hits the hobgoblin.
The hobgoblin is lightly wounded.
The hobgoblin hits you.
You shoot a sling bullet.
The sling bullet closely misses the hobgoblin.
The hobgoblin hits you.
The hobgoblin hits you but does no damage.
You are too injured to fight recklessly!
You are too injured to fight recklessly!
You are too injured to fight recklessly!
You are too injured to fight recklessly!
You shoot a sling bullet. The sling bullet hits the hobgoblin.
The hobgoblin is heavily wounded.
The hobgoblin barely misses you.
You shoot a sling bullet.
The sling bullet hits the hobgoblin but does no damage.
The hobgoblin is heavily wounded.
The hobgoblin hits you.
You shoot a sling bullet. The sling bullet hits the hobgoblin.
The hobgoblin is severely wounded.
The hobgoblin barely misses you.
You shoot a sling bullet. The sling bullet hits the hobgoblin.
The hobgoblin is almost dead.
The hobgoblin hits you.
* * * LOW HITPOINT WARNING * * *
The hobgoblin hits you.
You die...

#####.####.# #.# #.#
###..P ...........# #.#
#.# #..... ...##.######
#.# #.. ......# #..
......# #.. ......#
######### #..
...#..####.......# ###
#...P
...........#####.##.....
#.#.# .###..######
#@g...... .....~
.###..### #..#####. ####
# ........## #..#
..†......# #=.#
.###..#..# #..#
...#..#..# #..#
)#.#..#..#######..#
.#.#..............#
............####...


You could see a hobgoblin.

Vanquished Creatures
  2 ball pythons (D:1)
  4 bats (D:1)
  2 endoplasms (D:1)
  2 giant cockroaches (D:1)
  2 goblins (D:1)
  2 hobgoblins (D:1)
  A quokka (D:1)
  3 frilled lizards (D:1)
  2 rats (D:1)
20 creatures vanquished.

Notes
Turn   | Place    | Note
-------+----------+-------------------------------------------
     0 | D:1      | SacredBeard the Deep Elf Hexslinger began the quest for the
                  | Orb.
     0 | D:1      | Reached XP level 1. HP: 11/11 MP: 5/5
    64 | D:1      | Found a faded altar of an unknown god.
   154 | D:1      | Reached XP level 2. HP: 16/16 MP: 6/6
   175 | D:1      | Reached skill level 1 in Fighting
   211 | D:1      | Found Toobeylua's Armour Shoppe.
   560 | D:1      | Slain by a hobgoblin

Illustrated notes

Levels and vault maps discovered:
D:1:      eino_arrival_water_cross, layout_loops_ring,
          hellmonk_ecumenical_altar_arch_garden, serial_shops,
          nicolae_shop_stone, roderic_lattice_a, minmay_tromino_v4_b

Skill      XL: |  1  2 |
---------------+-------+-----
Ranged Weapons | 3 |  3.3
Fighting       | 1 |  1.0
Spellcasting   | 2 |  2.0
Armour         | |  0.5
Dodging        | |  2.6
Hexes          | |  4.2

Action                     || total
---------------------------++-------
   Fire: Sling             ||    58
 Armour: Robe              ||     5
  Dodge: Dodged            ||    14
